Map: Ulzaan

Players

TheGreaTOSS

  • Race: Protoss Protoss
  • League: Platinum
  • Spawn Location: 1:00

FRog

  • Race: Terran Terran
  • League: Gold
  • Spawn Location: 3:00

Throwfordays

  • Race: Protoss Protoss
  • League: Silver
  • Spawn Location: 11:00

Faust

  • Race: Zerg Zerg
  • League: Diamond
  • Spawn Location: 9:00

VOD

Have the link to the VOD?

Description

Time

  • Played on: Feb. 6, 2019, 3:10 p.m.
  • Length: 21:48
Show
View Real Time Build Order
Export as new Build Order

TheGreaTOSS Protoss 

Build Orders: Oracle Opening, Phoenix Opening, Carriers 

Get SALT Encoding   

  12  0:01  Probe  
  13  0:13  Probe  
  14  0:21  Pylon  
  14  0:25  Probe  
  15  0:35  Probe  
  15  0:40  Gateway  
  16  0:43  Probe  
  17  0:52  Assimilator  
  17  0:53  Probe  
  18  0:59  Assimilator  
  18  1:05  Probe  
  19  1:17  Probe  
  20  1:31  Probe  
  20  1:32  Cybernetics Core  
  21  1:37  Pylon  
  21  1:43  Probe  
  22  1:55  Probe  
  23  2:07  Probe  
  24  2:10  Warp Gate  
  24  2:13  Stargate  
  24  2:19  Probe  
  25  2:32  Probe  
  25  2:46  Stargate  
  25  2:47  Oracle  
  25  2:55  Nexus  
  28  3:04  Pylon, Probe  
  29  3:16  Probe  
  30  3:24  Oracle  
  33  3:28  Probe  
  34  3:40  Phoenix, Probe  
  37  3:52  Probe  
  38  4:04  Probe  
  39  4:13  Probe  
  41  4:17  Probe  
  41  4:21  Probe  
  41  4:24  Fleet Beacon  
  41  4:27  Assimilator  
  41  4:29  Probe  
  41  4:30  Probe  
  43  4:31  Assimilator  
  43  4:36  Pylon  
  44  4:39  Probe  
  44  4:41  Probe  
  46  4:48  Probe  
  47  4:53  Probe  
  47  4:57  Probe  
  49  5:08  Probe  
  49  5:12  Carrier  
  49  5:13  Probe  
  51  5:20  Probe  
  55  5:29  Carrier  
  55  5:35  Probe  
  62  5:58  Pylon  
  62  6:02  Probe x2  
  61  6:04  Pylon  
  61  6:12  Carrier  
  61  6:13  Protoss Air Weapons Level 1  
  61  6:15  Probe  
  62  6:21  Probe  
  69  6:25  Carrier  
  69  6:32  Nexus  
  69  6:36  Stargate  
  75  6:47  Probe  
  75  6:48  Pylon  
  75  6:53  Assimilator  
  76  6:57  Assimilator  
  76  7:04  Pylon  
  76  7:06  Carrier  
  76  7:10  Pylon  
  76  7:13  Probe  
  76  7:14  Probe  
  76  7:15  Cybernetics Core  
  84  7:25  Probe  
  84  7:26  Probe  
  84  7:28  Carrier  
  92  7:40  Probe  
  92  7:41  Probe  
  94  8:08  Carrier  
  100  8:14  Mothership  
  100  8:17  Probe  
  109  8:32  Tempest  
  114  8:35  Nexus  
  114  8:36  Pylon  
  114  8:38  Pylon  
  114  8:39  Pylon  
  114  8:41  Pylon  
  103  8:53  Probe x2  
  97  9:05  Probe  
  97  9:06  Tempest, Pylon  
  97  9:07  Pylon, Probe  
  99  9:16  Forge  
  98  9:17  Probe  
  99  9:33  Probe  
  99  9:35  Probe  
  101  9:41  Probe  
  101  9:46  Tempest  
  101  9:47  Probe  
  108  9:56  Probe  
  110  10:00  Probe  
  110  10:04  Probe  
  111  10:08  Tempest, Probe  
  111  10:11  Probe x2  
  114  10:20  Probe  
  119  10:26  Probe  
  112  10:42  Tempest  
  110  10:43  Tempest  
  107  10:55  Void Ray  
  121  11:22  Probe  
  121  11:23  Probe x2  
  121  11:24  Probe  
  125  11:26  Tempest  
  125  11:30  Assimilator  
  130  11:34  Probe  
  102  11:49  Carrier  
  94  12:04  Tempest  
  94  12:05  Tempest  
  86  12:26  Probe  
  87  12:40  Carrier  
  70  12:48  Carrier  
  82  13:01  Probe  
  82  13:04  Twilight Council  
  83  13:09  Gateway  
  83  13:17  Tempest  
  85  14:08  Stalker x2  
  83  14:10  Blink  
  83  14:11  Probe  
  69  14:19  Gateway  
  69  14:20  Gateway  
  69  14:21  Gateway, Probe  
  69  14:22  Probe  
  69  14:23  Gateway  
  72  14:24  Assimilator, Probe x2  
  67  14:39  Probe  
  68  14:51  Stalker  
  68  14:52  Stalker  
  60  15:10  Pylon  
  60  15:11  Dark Shrine  
  60  15:14  Protoss Ground Weapons Level 1  
  60  15:15  Stalker x4  
  68  15:26  Stalker x2  
  72  15:30  Probe  
  73  15:37  Templar Archives, Probe  
  73  15:41  Void Ray x2  
  73  15:42  Void Ray  
  76  16:34  Dark Templar x5  
  76  16:35  Dark Templar  
  66  17:03  Void Ray x3  
  66  17:08  Protoss Ground Armor Level 1  
  71  17:39  Void Ray  
  71  17:46  Void Ray x2  
  79  18:14  Void Ray  
  71  18:21  Void Ray x2  
  83  18:45  Probe  
  84  18:56  Probe  
  84  18:58  Gateway  
  84  19:01  Gateway  
  85  19:04  Gateway  
  78  19:11  Pylon  
  68  19:33  Probe  
  68  19:38  Void Ray x3  
  66  19:49  Probe  
  79  19:54  Probe  
  79  19:55  Probe  
  81  20:03  Robotics Facility  
  77  20:13  Void Ray x2  
  77  20:14  Void Ray  
  77  20:17  Probe  
  82  20:22  Probe  
  90  20:36  Zealot x3  
  90  20:37  Zealot x3  
  102  20:47  Void Ray  
  102  20:55  Probe  
  102  20:57  Void Ray, Probe x2  
  113  21:09  Zealot x4  
  113  21:10  Zealot x3  
  113  21:11  Nexus, Zealot  
  127  21:12  Zealot  
  127  21:16  Observer  
  127  21:17  Probe  
Show
View Real Time Build Order
Export as new Build Order

FRog Terran 

Build Orders:  

Get SALT Encoding   

  12  0:01  SCV  
  13  0:13  SCV  
  14  0:19  Supply Depot  
  14  0:25  SCV  
  15  0:40  SCV  
  16  0:42  Barracks  
  16  0:53  SCV  
  17  1:13  Command Center  
  17  1:29  Orbital Command  
  17  1:31  Marine  
  18  1:40  Barracks  
  18  1:51  Marine  
  18  1:52  Supply Depot  
  19  2:06  Barracks  
  19  2:13  SCV  
  19  2:15  Barracks  
  20  2:23  Marine  
  20  2:28  Orbital Command  
  21  2:31  Marine  
  22  2:38  Refinery  
  22  2:41  SCV  
  23  2:51  Marine  
  23  2:52  Marine  
  23  2:53  Bunker  
  23  2:58  SCV x2  
  27  3:10  Marine x2, Engineering Bay  
  27  3:11  Marine  
  30  3:14  Marine  
  30  3:16  SCV  
  30  3:18  SCV  
  33  3:33  Supply Depot, SCV  
  34  3:34  SCV  
  34  3:37  Marine  
  34  3:38  Marine x3  
  39  3:43  Missile Turret  
  39  3:48  Missile Turret  
  39  3:52  SCV  
  39  3:53  SCV  
  41  4:04  SCV  
  41  4:06  Missile Turret  
  41  4:09  SCV  
  43  4:14  Missile Turret  
  43  4:16  Barracks Tech Lab  
  43  4:19  Marine, Factory  
  43  4:22  SCV  
  43  4:23  SCV  
  46  4:24  Marine  
  46  4:26  Marine  
  48  4:40  SCV  
  48  4:41  Marine  
  48  4:42  Marine  
  48  4:43  Barracks Reactor  
  48  4:44  Refinery  
  51  4:46  Supply Depot  
  51  4:48  Marine  
  51  4:49  SCV  
  53  4:54  SCV  
  54  5:07  Marine  
  54  5:08  SCV x2, Siege Tank  
  60  5:15  Command Center  
  60  5:20  Marine x3, SCV  
  64  5:22  Supply Depot  
  64  5:23  SCV  
  64  5:24  Marine  
  66  5:33  SCV, Starport  
  67  5:37  Refinery, SCV  
  67  5:41  Barracks Tech Lab  
  68  5:46  SCV  
  68  5:48  Supply Depot  
  69  5:52  Refinery  
  69  5:53  SCV  
  69  5:55  Siege Tank  
  73  6:00  SCV  
  74  6:16  SCV x2  
  76  6:20  Barracks Tech Lab  
  76  6:24  Medivac x2  
  76  6:25  Marine x3  
  82  6:26  SCV  
  82  6:30  Supply Depot  
  84  6:37  SCV  
  85  6:42  Marine  
  85  6:43  Marine x2  
  88  6:47  Combat Shield, Factory  
  88  6:49  SCV  
  88  6:50  Refinery, SCV  
  88  6:51  Refinery, Marine  
  91  7:00  Marine  
  91  7:01  Marine x2, SCV  
  94  7:05  Medivac x2  
  99  7:10  Marauder  
  101  7:16  SCV x2  
  101  7:18  Marine x2  
  101  7:19  Marine  
  101  7:20  Orbital Command  
  106  7:30  Marine  
  106  7:36  Marine  
  108  7:38  Marine x2  
  108  7:40  SCV  
  111  7:44  Supply Depot, Factory Tech Lab  
  111  7:48  Marine, Terran Infantry Weapons Level 1  
  112  7:54  Marine  
  112  7:56  Marine x2  
  115  8:06  Marine  
  115  8:12  SCV x2  
  118  8:23  Supply Depot  
  118  8:25  Medivac x2  
  118  8:26  Supply Depot  
  122  8:27  Engineering Bay  
  122  8:28  Armory  
  122  8:29  Siege Tank  
  122  8:31  Armory  
  122  8:33  Supply Depot  
  125  8:35  Siege Tank  
  125  8:36  SCV x2  
  125  8:37  Supply Depot  
  130  8:41  Marine  
  130  8:42  Marine x2  
  130  8:46  Marine  
  134  8:59  Marine x2  
  136  9:08  Marine x2, SCV x2  
  140  9:17  Marine x2  
  140  9:22  Supply Depot  
  142  9:26  Marine x2  
  142  9:27  Missile Turret  
  142  9:30  Missile Turret x2  
  142  9:31  SCV x2, Missile Turret x2  
  146  9:35  Marine x2  
  148  9:42  SCV  
  148  9:43  SCV  
  148  9:44  Marine x2  
  152  9:50  SCV  
  153  9:53  Marine x2  
  153  9:54  SCV, Missile Turret x2  
  153  9:55  Missile Turret  
  153  9:58  Missile Turret  
  157  10:00  SCV  
  157  10:01  Missile Turret  
  157  10:02  Marine x2, SCV  
  160  10:10  Marine  
  161  10:24  Missile Turret  
  161  10:25  Missile Turret  
  161  10:27  Marine  
  161  10:28  Marine x3  
  163  10:29  Missile Turret  
  158  10:45  Marine, Missile Turret  
  158  10:49  Missile Turret  
  154  10:52  Stimpack  
  154  11:00  Missile Turret  
  154  11:03  Missile Turret  
  154  11:04  Missile Turret x2  
  154  11:05  Missile Turret x2  
  154  11:10  Terran Infantry Weapons Level 2, Missile Turret x2  
  154  11:11  Terran Infantry Armor Level 1  
  154  11:12  SCV, Terran Vehicle Weapons Level 1, Terran Vehicle And Ship Armor Level 1  
  154  11:13  SCV  
  154  11:16  Supply Depot  
  156  11:20  SCV  
  156  11:22  Command Center  
  156  11:24  Missile Turret  
  157  11:27  Missile Turret  
  157  11:28  Missile Turret  
  157  11:29  Barracks Reactor, Missile Turret  
  157  11:30  Barracks Reactor  
  157  11:37  Factory  
  157  11:54  Siege Tank x2  
  163  12:11  Medivac x2  
  167  12:16  Marine x3  
  167  12:18  Marine x3  
  173  12:26  SCV x2, Siege Tank  
  173  12:27  SCV, Siege Tank  
  182  12:34  Marine x3  
  182  12:36  Marine x3  
  188  12:41  Medivac x2  
  181  12:51  Marine  
  181  12:52  Marine  
  175  13:05  Marine  
  175  13:06  Marine x3  
  175  13:09  Marine x2  
  175  13:11  Medivac  
  179  13:23  Marine x2  
  179  13:24  Marine x2  
  179  13:27  Marine x2, Medivac  
  185  13:41  Marine x4, Medivac  
  185  13:45  Marine x2  
  171  13:57  Medivac  
  171  13:59  Marine x4  
  167  14:03  Marine x2  
  125  14:16  Medivac, Siege Tank x2  
  125  14:17  Marine x4, SCV x2  
  121  14:20  Marine  
  121  14:21  Marine  
  129  14:27  Medivac  
  131  14:34  Marine, Starport  
  131  14:35  Marine x3  
  131  14:38  Marine x2, Starport  
  125  14:40  Starport  
  125  14:41  Starport  
  125  14:44  Starport  
  115  14:47  Terran Ship Weapons Level 1, Terran Vehicle And Ship Armor Level 2  
  115  14:48  Starport  
  115  14:50  Fusion Core  
  115  14:52  Marine x2  
  114  14:53  Marine x2  
  114  14:56  Marine x2  
  119  15:15  Marine  
  119  15:16  Marine x5  
  125  15:21  Starport Reactor x2  
  125  15:22  Starport Reactor x3  
  125  15:24  SCV x2  
  127  15:33  Marine x2, Starport Reactor  
  127  15:34  Marine x4  
  133  15:38  Viking  
  133  15:39  Viking  
  133  15:41  Planetary Fortress  
  118  16:04  Marine x2  
  118  16:05  Marine  
  118  16:06  Viking x7  
  118  16:07  Viking x2  
  118  16:08  Viking  
  118  16:09  Viking  
  129  16:12  Marine  
  129  16:13  Marine x2  
  99  16:38  Viking  
  99  16:39  Viking  
  110  16:45  Marine  
  110  16:46  Marine x5  
  79  17:03  Marine x2  
  79  17:04  Marine x4  
  79  17:07  Starport  
  73  17:10  Starport  
  69  17:16  Starport  
  69  17:21  Marine x4  
  69  17:22  Marine x2  
  65  17:39  Marine x2  
  68  17:48  Starport Reactor x2  
  63  17:53  Starport Reactor  
  63  17:57  Marine x2  
  61  18:06  Starport  
  61  18:07  Starport  
  56  18:26  Viking x3  
  59  18:27  Viking  
  59  18:29  SCV x2  
  59  18:32  Viking  
  59  18:33  Viking  
  67  18:47  Starport Reactor x2  
  65  18:56  Viking x3  
  65  18:57  Viking  
  73  19:03  Viking  
  75  19:26  Viking x3  
  75  19:27  Viking  
  83  19:33  Viking  
  83  19:38  SCV  
  87  19:39  Starport  
  87  19:41  Starport  
  87  19:44  Viking  
  87  19:45  Viking x3  
  94  19:46  Orbital Command  
  94  19:56  Viking x3  
  100  20:05  Viking  
  102  20:18  Viking  
  104  20:23  Viking  
  100  20:36  Viking  
  100  20:41  Supply Depot  
  98  21:06  Viking  
  98  21:07  Viking x2  
Show
View Real Time Build Order
Export as new Build Order

Throwfordays Protoss 

Build Orders: Cannon Rush 

Get SALT Encoding   

  12  0:00  Probe  
  13  0:13  Probe  
  14  0:18  Pylon  
  14  0:25  Probe  
  15  0:37  Probe  
  15  0:38  Forge  
  16  0:45  Assimilator  
  16  0:49  Probe  
  17  1:06  Pylon  
  17  1:15  Probe  
  18  1:22  Assimilator  
  18  1:27  Probe  
  18  1:32  Photon Cannon  
  19  1:33  Photon Cannon  
  19  1:39  Probe  
  20  1:43  Photon Cannon  
  20  2:25  Photon Cannon  
  20  2:28  Photon Cannon  
  20  2:29  Photon Cannon, Probe  
  21  2:41  Probe  
  21  2:44  Pylon  
  22  2:53  Probe  
  23  2:59  Pylon  
  23  3:06  Probe  
  24  3:24  Photon Cannon  
  24  3:26  Photon Cannon x2  
  24  3:36  Photon Cannon  
  24  3:37  Photon Cannon  
  24  3:47  Probe  
  25  3:55  Pylon  
  25  4:05  Photon Cannon  
  25  4:09  Photon Cannon  
  25  4:16  Photon Cannon  
  25  4:26  Photon Cannon  
  25  4:52  Nexus  
  25  5:20  Pylon  
  25  5:28  Pylon  
  25  5:44  Pylon  
  25  5:47  Pylon  
  25  6:05  Photon Cannon  
  25  6:09  Photon Cannon  
  25  6:14  Photon Cannon  
  25  6:19  Probe  
  25  6:25  Probe  
  27  6:31  Probe  
  28  6:37  Probe  
  28  6:39  Photon Cannon  
  29  6:43  Probe  
  30  6:49  Probe  
  30  6:50  Assimilator  
  31  6:55  Probe  
  31  6:56  Assimilator  
  32  7:01  Probe  
  32  7:08  Probe  
  34  7:14  Probe  
  34  7:15  Pylon  
  35  7:23  Pylon  
  35  7:24  Probe  
  36  7:30  Probe  
  36  7:32  Probe  
  38  7:39  Probe  
  38  7:42  Probe  
  40  7:47  Probe  
  41  7:54  Probe  
  41  7:58  Probe  
  43  8:06  Probe  
  43  8:10  Probe  
  45  8:30  Pylon  
  45  8:35  Nexus  
  45  8:43  Assimilator  
  45  8:48  Assimilator  
  45  9:11  Photon Cannon x2  
  45  9:13  Photon Cannon  
  45  9:14  Photon Cannon  
  45  9:16  Photon Cannon  
  45  9:22  Photon Cannon  
  45  9:24  Photon Cannon  
  45  9:49  Probe  
  45  9:52  Pylon, Probe  
  47  9:56  Probe  
  48  10:01  Gateway, Probe  
  48  10:04  Probe  
  48  10:05  Pylon  
  50  10:08  Probe  
  50  10:13  Probe  
  52  10:16  Probe  
  52  10:20  Probe  
  54  10:25  Probe  
  54  10:28  Probe  
  56  10:32  Pylon, Probe  
  57  10:36  Pylon  
  57  10:37  Probe  
  57  10:38  Pylon  
  57  10:40  Protoss Ground Weapons Level 1, Probe  
  59  10:44  Probe  
  60  11:00  Gateway  
  60  11:02  Cybernetics Core  
  60  11:05  Pylon  
  60  11:08  Pylon  
  59  11:25  Probe  
  60  11:37  Probe  
  61  11:53  Robotics Facility  
  61  11:54  Robotics Facility  
  61  11:55  Robotics Facility  
  61  11:56  Probe  
  61  11:57  Robotics Facility  
  62  12:01  Nexus  
  62  12:05  Assimilator  
  62  12:09  Assimilator  
  62  12:14  Probe  
  63  12:16  Warp Gate  
  63  12:17  Probe  
  64  12:26  Probe  
  66  12:30  Probe  
  66  12:38  Probe  
  66  12:42  Photon Cannon, Probe  
  66  12:43  Photon Cannon  
  68  12:46  Immortal x3  
  68  12:47  Immortal  
  68  12:50  Probe  
  68  12:52  Robotics Bay  
  68  12:54  Probe  
  80  13:02  Probe  
  61  13:29  Colossus x4  
  82  14:09  Extended Thermal Lance  
  81  14:23  Immortal x2  
  81  14:24  Immortal x2  
  89  15:03  Immortal  
  93  15:08  Protoss Shields Level 1  
  93  15:09  Immortal x3  
  105  15:26  Probe  
  106  15:38  Probe  
  107  15:48  Nexus  
  107  15:50  Probe  
  108  16:02  Probe  
  109  16:14  Probe  
  62  17:20  Observer x2  
  62  17:21  Observer x2  
  54  17:27  Probe  
  54  17:29  Probe  
  52  17:31  Probe  
  52  17:35  Assimilator  
  53  17:39  Assimilator, Probe  
  53  17:41  Probe, Immortal  
  53  17:42  Immortal x2  
  53  17:43  Probe, Immortal  
  53  17:44  Protoss Ground Armor Level 1  
  72  17:51  Probe  
  72  17:53  Probe  
  72  17:55  Probe  
  75  18:01  Twilight Council  
  75  18:03  Probe  
  75  18:05  Probe  
  77  18:07  Probe  
  78  18:15  Probe  
  78  18:17  Probe  
  78  18:19  Probe  
  81  18:22  Gravitic Boosters  
  81  18:41  Gateway  
  81  18:42  Gateway  
  81  18:43  Gateway  
  81  18:45  Gateway  
  81  18:47  Gateway  
  81  18:52  Colossus  
  81  18:53  Colossus  
  81  18:55  Colossus  
  99  19:05  Immortal  
  103  19:11  Nexus  
  103  19:58  Immortal x3  
  103  19:59  Immortal  
  119  20:06  Photon Cannon  
  119  20:09  Photon Cannon  
  119  20:12  Photon Cannon  
  119  20:13  Zealot x3  
  125  20:15  Photon Cannon  
  125  20:23  Probe  
  125  20:25  Probe  
  127  20:29  Probe  
  128  20:37  Probe, Immortal  
  128  20:38  Immortal x3  
  128  20:41  Probe  
  146  20:49  Probe  
  147  20:53  Probe  
  148  21:01  Probe  
  149  21:05  Probe  
  150  21:13  Probe  
  150  21:17  Probe  
Show
View Real Time Build Order
Export as new Build Order

Faust Zerg 

Build Orders: Hatch First, Brood Lord Corruptor 

Get SALT Encoding   

  12  0:00  Drone  
  13  0:09  Drone  
  14  0:15  Extractor  
  14  0:17  Drone  
  15  0:23  Overlord  
  15  0:41  Drone  
  15  0:42  Drone  
  17  0:55  Hatchery  
  16  0:58  Drone  
  16  1:02  Extractor  
  16  1:03  Drone  
  17  1:18  Spawning Pool  
  17  1:20  Drone  
  18  1:25  Drone  
  18  1:28  Drone  
  19  1:41  Overlord  
  19  2:05  Metabolic Boost  
  19  2:06  Zergling x4  
  19  2:07  Queen  
  23  2:16  Zergling x4  
  23  2:21  Zergling x2  
  23  2:22  Zergling x2  
  27  2:29  Overlord  
  27  2:43  Drone x2  
  27  2:44  Drone  
  30  2:49  Queen  
  32  2:59  Drone x2  
  34  3:11  Drone x2  
  36  3:19  Hatchery  
  35  3:23  Drone x2  
  37  3:29  Overlord  
  37  3:37  Drone x2  
  37  3:38  Drone x2  
  41  3:41  Extractor  
  41  3:43  Extractor  
  39  3:48  Lair  
  39  3:54  Drone x2  
  39  4:03  Extractor  
  39  4:05  Queen  
  39  4:07  Drone x2  
  39  4:09  Drone  
  43  4:17  Drone  
  43  4:18  Drone x2  
  43  4:20  Drone  
  43  4:21  Drone  
  48  4:32  Spore Crawler  
  48  4:35  Queen  
  48  4:37  Drone  
  48  4:38  Drone  
  51  4:44  Overlord  
  51  4:46  Overlord  
  51  4:58  Spawning Pool  
  50  5:14  Drone  
  50  5:15  Drone x7  
  50  5:20  Spore Crawler  
  57  5:30  Spore Crawler  
  55  5:36  Drone x3  
  55  5:37  Drone x2  
  61  5:44  Spire  
  60  5:55  Extractor, Drone x3  
  60  5:56  Drone x3  
  65  5:57  Extractor  
  65  6:02  Baneling Nest  
  63  6:14  Drone x3  
  63  6:15  Overlord x4  
  66  6:33  Overlord x3  
  66  6:34  Overlord x2  
  66  6:57  Drone x4  
  66  6:58  Drone x3, Mutalisk x4  
  66  6:59  Mutalisk  
  83  7:09  Mutalisk x3  
  83  7:10  Mutalisk x3  
  83  7:12  Mutalisk  
  97  7:18  Drone x4  
  97  7:20  Overlord  
  101  7:35  Mutalisk  
  101  7:36  Mutalisk x5  
  113  7:40  Zerg Flyer Weapons Level 1  
  113  7:45  Mutalisk  
  113  7:47  Evolution Chamber  
  114  7:51  Evolution Chamber  
  113  8:04  Infestation Pit  
  112  8:07  Mutalisk x2  
  112  8:08  Mutalisk x5  
  126  8:27  Mutalisk  
  126  8:28  Mutalisk x9  
  146  8:34  Overlord x5  
  138  9:06  Corruptor  
  138  9:07  Corruptor x7  
  138  9:08  Corruptor  
  152  9:16  Corruptor  
  152  9:17  Corruptor x2  
  156  9:24  Hive  
  156  9:28  Corruptor x3  
  156  9:29  Corruptor  
  160  9:34  Corruptor  
  160  9:38  Zerg Flyer Weapons Level 2  
  162  9:41  Drone  
  163  10:13  Zerg Melee Weapons Level 1  
  163  10:14  Zerg Ground Armor Level 1  
  159  10:48  Corruptor x4  
  159  10:49  Corruptor x7  
  161  11:01  Spawning Pool, Adrenal Glands  
  160  11:04  Corruptor  
  160  11:05  Corruptor x5, Ultralisk Cavern  
  113  12:15  Corruptor  
  113  12:16  Corruptor x11  
  113  12:21  Greater Spire  
  135  12:25  Spire  
  132  12:52  Corruptor  
  132  12:53  Corruptor x6  
  146  12:59  Ultralisk x2  
  132  13:21  Zergling x2  
  132  13:22  Zergling x18  
  121  13:42  Zergling x2  
  121  13:44  Baneling x3  
  98  13:55  Brood Lord x2  
  98  13:56  Brood Lord x4  
  105  14:10  Brood Lord  
  105  14:11  Brood Lord  
  105  14:13  Zergling x2  
  105  14:14  Zergling x22  
  121  14:19  Drone x2  
  121  14:21  Zerg Flyer Armor Level 1  
  116  14:56  Corruptor x3  
  122  15:22  Hatchery  
  122  15:23  Hatchery  
  122  15:27  Extractor  
  119  15:28  Extractor  
  104  16:01  Corruptor  
  104  16:02  Corruptor x5  
  90  17:06  Overlord x2  
  90  17:07  Overlord x2  
  86  17:27  Zergling x2, Corruptor x3  
  93  17:42  Drone x3  
  93  17:44  Drone x3  
  97  17:49  Hatchery  
  91  18:29  Lair  
  91  18:40  Drone x3  
  90  18:42  Drone x3  
  90  18:44  Drone x7  
  90  18:46  Extractor  
  90  18:47  Extractor  
  98  18:49  Drone x4  
  76  19:18  Overlord x3  
  60  19:30  Mutalisk  
  60  19:31  Mutalisk x13  
  78  19:39  Drone x3  
  79  19:48  Drone x2  
  79  19:49  Drone  
  79  19:51  Extractor  
  81  19:54  Drone x3  
  84  20:12  Drone x3  
  84  20:13  Drone x3  
  90  20:15  Hatchery  
  90  20:19  Drone  
  90  20:20  Drone x3  
  90  20:21  Queen, Drone x2  
  79  20:39  Zergling x26  
  92  20:48  Spore Crawler  
  92  20:49  Spore Crawler  
  90  20:51  Zergling x6, Spore Crawler  
  90  20:52  Zergling x2  
  90  20:55  Drone  
  90  20:56  Drone  
  93  21:01  Evolution Chamber  
  93  21:02  Evolution Chamber  
Tags
 
Add a new tag
Caveats
  • Supply blocks, unpowered buildings, or Contaminate may cause inaccurate times.
  • Supply counts are checked every 10 seconds.